 Dungeon Crawl Stone Soup version 0.30-a0-726-gd89dcf765f (webtiles) character file.

Game seed: 8755912709134557845

18900 garrulousMonolith the Severer (level 12, -11/165 HPs)
             Began as a Minotaur Berserker on Jan 29, 2023.
             Was an Elder of Trog.
             Mangled by a black mamba (12 damage)
             ... on level 2 of the Lair of Beasts.
             The game lasted 00:13:41 (11541 turns).

garrulousMonolith the Severer (Minotaur Berserker) Turns: 11541, Time: 00:13:42

Health: -11/165    AC: 22    Str: 28    XL:     12   Next: 31%
Magic:  11/11      EV: 12    Int: 15    God:    Trog [****..]
Gold:   593        SH:  6    Dex: 16    Spells: 11/11 levels left

rFire   + . .      SeeInvis .    a - +1 broad axe
rCold   + . .      Faith    .    J - +0 buckler
rNeg    . . .      Spirit   .    x - +2 plate armour "Nurch" {Int+5 Dex+3}
rPois   .          Reflect  .    K - +2 hat
rElec   .          Harm     .    E - +1 cloak {rCorr}
rCorr   +          Rampage  .    (no gloves)
Will    .....                    q - +0 pair of boots Stlth
                                 (no amulet)
HPRegen 0.47/turn                s - +6 ring of strength
MPRegen 0.12/turn                I - ring of Liberty {rF+ rC+ Int+4}

@: berserking, lethally poisoned (-11 -> -23), marked, very quick
A: horns 2, retaliatory headbutt
a: Renounce Religion, Berserk, Trog's Hand, Brothers in Arms


You were on level 2 of the Lair of Beasts.
You worshipped Trog.
Trog was greatly pleased with you.
You visited 2 branches of the dungeon, and saw 13 of its levels.
You also visited: Ossuary.

You collected 1246 gold pieces.
You spent 653 gold pieces at shops.

Inventory:

Hand Weapons
 a - a +1 broad axe (weapon)
 b - a -1 demon whip of venom
 g - a +2 antimagic short sword
Missiles
 e - 3 throwing nets
 p - 22 poisoned darts
 F - 4 boomerangs (quivered)
 Q - 6 javelins
Armour
 q - a +0 pair of boots (worn)
 x - the +2 plate armour "Nurch" (worn) {Int+5 Dex+3}
   (You found it on level 4 of the Dungeon)

   Int:       It affects your intelligence (+5).
   Dex:       It affects your dexterity (+3).
 E - a +1 cloak of preservation (worn)
 J - a +0 buckler (worn)
 K - a +2 hat (worn)
Jewellery
 j - a +6 ring of intelligence
 s - a +6 ring of strength (left hand)
 t - a +6 ring of dexterity
 I - the ring of Liberty (right hand) {rF+ rC+ Int+4}
   (You bought it in a shop on level 1 of the Dungeon)

   [ring of protection from cold]

   Int:       It affects your intelligence (+4).
   rF:        It protects you from fire.
   rC:        It protects you from cold.
 P - a ring of flight
Wands
 z - a wand of paralysis (40)
 A - a wand of roots (7)
 B - a wand of mindburst (16)
Scrolls
 c - 2 scrolls of immolation
 f - a scroll of identify
 k - 3 scrolls of magic mapping
 m - 4 scrolls of poison
 n - 2 scrolls of silence
 r - 3 scrolls of fear
 v - 3 scrolls of blinking
 w - 8 scrolls of teleportation
 y - a scroll of enchant weapon
 G - a scroll of butterflies
Potions
 d - 2 potions of ambrosia
 i - a potion of mutation {unknown}
 l - 3 potions of curing
 o - 2 potions of haste
 u - 3 potions of attraction
 C - a potion of might
 D - 3 potions of flight
 H - a potion of cancellation {unknown}
 L - a potion of lignification
 O - a potion of invisibility {unknown}


   Skills:
 + Level 11.3 Fighting
 * Level 15.2 Axes
 + Level 10.9 Armour
 + Level 10.1 Dodging
 + Level 6.1 Shields


You had 11 spell levels left.
You didn't know any spells.
Your spell library was empty.

Dungeon Overview and Level Annotations

Branches:
Dungeon (11/15)            Temple (0/1) D:5            Lair (2/5) D:9
  Snake (0/4) Lair:2          Orc (0/2) D:10        Ossuary (visited)
  Swamp: Lair:2-3    Shoals: Lair:2-3

Altars:
Ashenzari
Dithmenos
Elyvilon
Fedhas
Gozag
Kikubaaqudgha
Makhleb
Okawaru
Ru
Wu Jian
Xom
Zin
The Shining One

Shops:
D:1 =   D:7 :   D:9 !

Annotations:
D:6 1 runed translucent door, Hamu's ghost, novice GnWn


Innate Abilities, Weirdness & Mutations

You have a pair of horns on your head.
You reflexively headbutt those who attack you in melee.


Message History

Trog accepts your kill.
A black mamba comes into view.
You feel a strong urge to attack something.
You see here a +0 great sword.
You slice the black mamba!!
The black mamba is heavily wounded.
You miss the water moccasin. The black mamba bites you!
* * * LOW HITPOINT WARNING * * *
You block the water moccasin's attack.
You miss the black mamba.
The black mamba is heavily wounded.
You slash the water moccasin! You block the black mamba's attack.
You block the water moccasin's attack.
You barely miss the black mamba. Your headbutt misses the black mamba.
The black mamba is heavily wounded.
You closely miss the water moccasin. The black mamba bites you.
* * * LOW HITPOINT WARNING * * *
You are lethally poisoned!
The black mamba poisons you! The water moccasin barely misses you.
You furiously retaliate!
You headbutt the water moccasin!!
You kill the water moccasin!
Trog accepts your kill.
* * * LOW HITPOINT WARNING * * *
You feel very sick. You block the black mamba's attack.
You are too berserk!
You barely miss the black mamba. You headbutt the black mamba.
The black mamba is severely wounded.
* * * LOW HITPOINT WARNING * * *
You feel very sick.
The black mamba bites you but does no damage.
A water moccasin comes into view.
You block the black mamba's attack.
You hit the black mamba but do no damage.
Your headbutt misses the black mamba.
The black mamba is severely wounded.
* * * LOW HITPOINT WARNING * * *
You feel very sick. The black mamba bites you!
You die...

............P###.......
............#.##......
.....................
................#.##
...............####
##.†......##.##..# # #...# .
####.## # ##..# #..# # #)@# ..
##.# # #### #S## .. #P.####
##..#######S##.# ##...P#
#.............#... # #......
##..................#.###.....
#P............................
##.............(((......<"....
##..............P(............
#...............((..........).


You could see a black mamba and a water moccasin.

Vanquished Creatures
  Gastronok (Lair:1)
  A hydra (Lair:1)
  3 two-headed ogres
  A boulder beetle (D:11)
  Amaemon (D:8)
  Pikel (D:5)
  An orc sorcerer (D:7)
  A manticore (D:11)
  4 black mambas (Lair:2)
  A cane toad (Lair:1)
  A gargoyle (D:11)
  An orange demon (D:8)
  A rime drake (Lair:2)
  An unseen horror (D:6)
  6 komodo dragons
  A hornet (D:9)
  A troll (D:11)
  2 polar bears
  Sigmund (D:5)
  A centaur simulacrum (D:11)
  5 wyverns
  11 yaks
  A wraith (D:9)
  Eustachio (D:5)
  2 steam dragons (D:8)
  An acid dragon (D:7)
  10 water moccasins
  2 black bears (D:8)
  4 orc warriors
  3 ice beasts
  A sky beast (D:3)
  A wolf (D:11)
  3 centaurs
  A lemure (D:5)
  A phantom (D:4)
  7 bullfrogs
  2 kobold brigands
  5 scorpions
  7 wights
  9 killer bees
  A howler monkey (D:7)
  An electric eel (D:11)
  A hound (D:5)
  5 orc priests
  A jelly (D:5)
  Ijyb (D:5)
  2 iguanas
  9 orc wizards
  A mummy (Ossuary)
  3 gnolls (D:8)
  9 adders
  3 white imps (D:11)
  3 ufetubi
  A worm (D:2)
  2 dart slugs
  42 orcs
  5 spectral bats (Ossuary)
  7 bats
  3 endoplasms
  5 giant cockroaches
  12 gnoll zombies (Ossuary)
  11 hobgoblins
  4 quokkas
  7 ball pythons
  2 bat simulacra (Ossuary)
  4 frilled lizards
  7 goblins
  A goblin simulacrum (Ossuary)
  3 goblin zombies (Ossuary)
  6 hobgoblin zombies (Ossuary)
  13 kobolds
  5 kobold simulacra (Ossuary)
  2 kobold zombies (Ossuary)
  7 orc zombies (Ossuary)
  4 rats
  4 rat simulacra (Ossuary)
  A spectral goblin (Ossuary)
  2 spectral kobolds (Ossuary)
  A spectral rat (Ossuary)
309 creatures vanquished.

Vanquished Creatures (others)
  A white imp (D:11)
  3 fungi (Lair:1)
  17 plants
21 creatures vanquished.

Grand Total: 330 creatures vanquished

Notes
Turn   | Place    | Note
-------+----------+-------------------------------------------
     0 | D:1      | garrulousMonolith the Minotaur Berserker began the quest
                  | for the Orb.
     0 | D:1      | Reached XP level 1. HP: 19/19 MP: 0/0
    99 | D:1      | Reached XP level 2. HP: 25/27 MP: 1/1
   129 | D:1      | Reached skill level 4 in Axes
   212 | D:1      | Found Qyexkia's Jewellery Shop.
   684 | D:2      | Reached XP level 3. HP: 29/33 MP: 2/2
   807 | D:2      | You fall into a shaft and drop 2 floors!
  1036 | D:2      | Reached ** piety under Trog
  1221 | D:2      | Found a faded altar of an unknown god.
  1455 | D:3      | Reached XP level 4. HP: 40/40 MP: 3/3
  1560 | D:3      | Found a shadowy altar of Dithmenos.
  1934 | D:3      | Found a burning altar of Makhleb.
  1953 | D:3      | Reached skill level 5 in Axes
  2104 | D:3      | Found an ancient bone altar of Kikubaaqudgha.
  2111 | D:3      | Noticed a sky beast
  2125 | D:3      | Killed a sky beast
  2126 | D:3      | Reached XP level 5. HP: 22/47 MP: 4/4
  2490 | D:4      | Noticed a phantom
  2496 | D:4      | Reached XP level 6. HP: 47/55 MP: 5/5
  2499 | D:4      | Reached skill level 5 in Fighting
  2499 | D:4      | Reached skill level 6 in Axes
  2767 | D:4      | Identified the +2 plate armour "Nurch" {Int+5 Dex+3}
  2908 | D:4      | Found an ornate altar of the Wu Jian Council.
  2959 | D:5      | Entered Level 5 of the Dungeon
  3004 | D:5      | Reached XP level 7. HP: 47/61 MP: 6/6
  3053 | D:5      | Noticed Sigmund
  3056 | D:5      | Noticed Pikel
  3058 | D:5      | Killed Sigmund
  3059 | D:5      | Reached skill level 7 in Axes
  3059 | D:5      | Reached skill level 5 in Armour
  3072 | D:5      | Killed Pikel
  3073 | D:5      | Reached skill level 8 in Axes
  3073 | D:5      | Reached skill level 5 in Dodging
  3073 | D:5      | Reached XP level 8. HP: 47/71 MP: 7/7
  3076 | D:5      | Found a staircase to the Ecumenical Temple.
  3275 | D:5      | Noticed Eustachio
  3291 | D:5      | Killed Eustachio
  3292 | D:5      | Reached skill level 9 in Axes
  3383 | D:5      | Reached *** piety under Trog
  3468 | D:5      | Noticed Ijyb
  3476 | D:5      | Killed Ijyb
  3688 | D:6      | Reached XP level 9. HP: 70/79 MP: 8/8
  3867 | D:6      | Killed an unseen horror
  3868 | D:6      | Reached skill level 10 in Axes
  4024 | D:6      | Found a runed translucent door.
  4090 | D:6      | Found a glowing golden altar of the Shining One.
  4280 | D:6      | Found a blossoming altar of Fedhas.
  4523 | D:6      | Noticed Hamu's ghost (novice GnWn)
  5025 | D:7      | Reached skill level 11 in Axes
  5065 | D:7      | Found a sacrificial altar of Ru.
  5132 | D:7      | Found Reij's Book Shop.
  5155 | D:7      | Noticed an orc sorcerer
  5156 | D:7      | Noticed an orange demon
  5157 | D:7      | Paralysed by an orc sorcerer for 2 turns
  5163 | D:7      | Noticed a red devil
  5164 | D:7      | Killed an orc sorcerer
  5612 | D:8      | Reached XP level 10. HP: 82/90 MP: 9/9
  5646 | D:8      | Noticed Amaemon
  5649 | D:8      | Noticed an orange demon
  5664 | D:8      | Killed Amaemon
  5665 | D:8      | Reached skill level 12 in Axes
  5668 | D:8      | Killed an orange demon
  5693 | D:8      | Found a sand-covered staircase.
  5700 | Ossuary  | Entered an ossuary
  5869 | Ossuary  | Reached **** piety under Trog
  6278 | D:8      | Found an opulent altar of Gozag.
  6766 | D:8      | Found an iron altar of Okawaru.
  6769 | D:8      | Found a broken altar of Ashenzari.
  6771 | D:8      | Found a shimmering altar of Xom.
  6998 | D:9      | Found Ulete's Distillery.
  7001 | D:9      | Bought a potion of heal wounds for 85 gold pieces
  7085 | D:9      | Paralysed by a hornet for 1 turns
  7257 | D:9      | Found a glowing silver altar of Zin.
  7376 | D:9      | Found a staircase to the Lair.
  7384 | D:9      | Noticed a two-headed ogre
  7393 | D:9      | Killed a two-headed ogre
  7394 | D:9      | Reached skill level 1 in Shields
  7397 | D:9      | Reached skill level 13 in Axes
  7682 | D:10     | Entered Level 10 of the Dungeon
  7771 | D:10     | Noticed a two-headed ogre
  7789 | D:10     | Killed a two-headed ogre
  7790 | D:10     | Reached XP level 11. HP: 43/99 MP: 10/10
  7955 | D:10     | Found a staircase to the Orcish Mines.
  8003 | D:10     | Identified the +1 trident of the Scroll {speed, Int+3}
  8270 | D:10     | Found a white marble altar of Elyvilon.
  8302 | D:10     | Reached skill level 10 in Fighting
  8408 | D:11     | Noticed a two-headed ogre
  8414 | D:11     | Killed a two-headed ogre
  8608 | D:11     | Noticed a boulder beetle
  8757 | D:11     | Killed a boulder beetle
  8934 | D:11     | Reached skill level 14 in Axes
  9154 | D:11     | Reached skill level 10 in Armour
  9685 | D:1      | Bought the ring of Liberty {rF+ rC+ Int+4} for 568 gold
                  | pieces
  9901 | Lair:1   | Entered Level 1 of the Lair of Beasts
  9917 | Lair:1   | Noticed Gastronok
  9937 | Lair:1   | Killed Gastronok
  9938 | Lair:1   | Reached skill level 5 in Shields
 10100 | Lair:1   | Noticed a five-headed hydra
 10113 | Lair:1   | Killed a five-headed hydra
 10246 | Lair:1   | Reached XP level 12. HP: 105/108 MP: 11/11
 11311 | Lair:1   | Identified a scroll of acquirement
 11311 | Lair:1   | Acquired 489 gold pieces
 11413 | Lair:2   | Reached skill level 15 in Axes
 11415 | Lair:2   | Reached skill level 10 in Dodging
 11427 | Lair:2   | Found a staircase to the Snake Pit.
 11539 | Lair:2   | HP: 7/165 [poisoned by a black mamba]
 11541 | Lair:2   | HP: 1/165 [poisoned by a black mamba]
 11541 | Lair:2   | Mangled by a black mamba

Illustrated notes

Levels and vault maps discovered:
D:1:      lightli_arrival_statuegarden, layout_basic, serial_shops,
          nicolae_shop_crystal, serial_bayou_crossing
D:2:      layout_loops_ring, shapermc_ecumenical_altar_pompeii
D:3:      layout_basic, mainiacjoe_overflow_small_starburst,
          mainiacjoe_overflow_alcove_2, nicolae_kikubaaqudgha_miasma_corner,
          serial_curves, eino_curves_04, eino_curves_01,
          kennysheep_generic_room_12
D:4:      layout_rooms, mainiacjoe_overflow_alcove_4, minmay_misc_feat_enclosed,
          grunt_decor_junction
D:5:      layout_rooms, minmay_temple_entry_statues_fountains, uniq_sigmund,
          uniq_pikel, uniq_ijyb, uniq_eustachio
D:6:      layout_loops_cross, lemuel_tele_altar, nicolae_overflow_hidden_temple,
          ebering_ghost_reflecting_pool, nicolae_nh_ransacked_shop
D:7:      cheibrodos_wizards_tower, layout_basic,
          mainiacjoe_overflow_surrounded_room, serial_shops, nicolae_shop_trees
D:8:      black_bear_nest_2, layout_gridville, minitemple,
          mainiacjoe_overflow_paths, chequers_ossuary_entry_cave, uniq_amaemon
D:9:      layout_basic, lemuel_round_altar, david_lair_shrubbed,
          nicolae_stop_n_shop_1
D:10:     layout_cave_pools, elyvilon_altar_3, hiddenorc1_lemuel,
          dk_rats_in_the_wall
D:11:     layout_rooms, serial_ice, serial_ice_f, serial_ice_c, serial_ice_l,
          serial_ice_d, serial_ice_a
Lair:1:   layout_layer_cave, st_stairs_8, uniq_gastronok
Lair:2:   regret_index_harrowing_hell_hive, layout_small_grid,
          minmay_snake_entry_six_corridors, lemuel_fruit_tree

Skill      XL: |  1  2  3  4  5  6  7  8  9 10 11 12 |
---------------+-------------------------------------+-----
Axes           | 4 5 6 8 9 11 13 14 15 | 15.2
Fighting       | 4 5 6 7 8 9 10 11 | 11.3
Armour         | 3 4 5 6 8 9 10 | 10.9
Dodging        | 3 4 5 6 7 8 9 10 | 10.1
Shields        | 2 5 6 |  6.1

Action                     |  1- 3 |  4- 6 |  7- 9 | 10-12 || total
---------------------------+-------+-------+-------+-------++-------
  Melee: Hand axe          |    92 |   100 |   189 |    24 ||   405
         Headbutt          |    15 |    13 |    38 |    86 ||   152
         Punch             |     2 |     2 |     3 |       ||     7
         Battleaxe         |       |       |     1 |   100 ||   101
         Broad axe         |       |       |       |   211 ||   211
         Demon whip        |       |       |       |    10 ||    10
  Throw: Boomerang         |       |       |       |    15 ||    15
 Invoke: Trog's Hand       |       |     1 |     4 |     2 ||     7
         Berserk           |       |     1 |     4 |     5 ||    10
    Use: Scroll            |     2 |       |     8 |    14 ||    24
         Potion            |       |       |     1 |     4 ||     5
 Armour: Animal skin       |    11 |       |       |       ||    11
         Ring mail         |    14 |    30 |       |       ||    44
         Chain mail        |       |    11 |       |       ||    11
         Plate armour      |       |    12 |   113 |   191 ||   316
  Dodge: Dodged            |    44 |    51 |    89 |   223 ||   407
  Block: Buckler           |       |       |       |    70 ||    70

Table legend: (Time is in decaauts)
 A = Elapsed time spent in this place.
 B = Non-inter-level travel time spent in this place.
 C = Inter-level travel time spent in this place.
 D = Time resting spent in this place.
 E = Time spent auto-exploring this place.
 F = Levels seen in this place.
 G = Mean time per level.
                   A        B        C        D        E       F      G
               +--------+--------+--------+--------+--------+-----+--------+
         Total |  11608 |  10930 |    678 |   1579 |   7469 |  14 |  829.1 |
       Dungeon |   9415 |   8774 |    641 |   1136 |   6096 |  11 |  855.9 |
          Lair |   1630 |   1593 |     37 |    196 |   1190 |   2 |  815.0 |
       Ossuary |    562 |    562 |      0 |    246 |    183 |   1 |  562.0 |
               +--------+--------+--------+--------+--------+-----+--------+

Top non-repeatable levels by time:
  Lair:1: 1446 daAuts
     D:3: 1152 daAuts
    D:11: 1136 daAuts
     D:6: 980 daAuts
     D:7: 973 daAuts
     D:8: 966 daAuts
    D:10: 783 daAuts
     D:9: 749 daAuts
     D:1: 740 daAuts
     D:5: 707 daAuts
     D:2: 630 daAuts
     D:4: 596 daAuts
 Ossuary: 562 daAuts
  Lair:2: 183 daAuts
